Map: Orbital Shipyard

Players

Boomerang - Winner!

  • Race: Terran Terran
  • League: Grandmaster

wabbajack

  • Race: Zerg Zerg
  • League: Gold

VOD

Have the link to the VOD?

Description

Time

  • Played on: July 18, 2015, 9:20 p.m.
  • Length: 15:34
Show
View Real Time Build Order
Export as new Build Order

Boomerang Terran - Winner!

Build Orders: Reaper Expand, MMM Bio 

Get SALT Encoding   

  12  0:01  SCV  
  13  0:13  SCV  
  14  0:18  Supply Depot  
  14  0:25  SCV  
  15  0:39  SCV  
  15  0:42  Barracks  
  16  0:44  Refinery  
  16  0:51  SCV  
  17  1:03  SCV  
  18  1:16  SCV  
  19  1:29  Supply Depot  
  19  1:30  Orbital Command  
  19  1:31  Reaper  
  20  1:50  Command Center  
  20  1:56  SCV  
  21  2:03  Reaper  
  21  2:08  SCV  
  23  2:19  Supply Depot  
  23  2:20  SCV  
  24  2:31  Factory  
  24  2:32  SCV  
  25  2:44  SCV  
  26  2:56  SCV  
  26  2:57  Barracks Reactor  
  27  3:00  Supply Depot  
  27  3:04  Orbital Command  
  27  3:08  SCV  
  28  3:21  SCV  
  29  3:28  Starport  
  29  3:30  SCV  
  29  3:32  Refinery  
  29  3:33  SCV  
  31  3:37  Hellion x2  
  35  3:42  SCV  
  35  3:44  Supply Depot, Barracks Tech Lab  
  35  3:46  SCV  
  37  3:54  SCV  
  38  3:58  SCV  
  38  3:59  Hellion x2  
  43  4:03  Marauder  
  43  4:05  Viking  
  43  4:06  SCV  
  48  4:10  SCV, Refinery  
  49  4:18  SCV  
  49  4:20  Hellion x2  
  49  4:23  SCV  
  55  4:26  Marauder  
  55  4:30  SCV  
  58  4:35  SCV  
  59  4:42  SCV  
  60  4:47  SCV  
  61  4:54  SCV  
  61  4:59  SCV, Marauder  
  65  5:00  Widow Mine, Medivac  
  65  5:01  Command Center  
  65  5:06  SCV  
  65  5:07  Supply Depot x2  
  70  5:23  SCV  
  70  5:28  SCV, Widow Mine  
  72  5:35  SCV  
  72  5:40  SCV  
  72  5:41  Refinery  
  73  5:47  SCV  
  74  5:52  SCV  
  74  5:57  Widow Mine, Medivac  
  77  5:58  Widow Mine  
  77  5:59  SCV  
  82  6:07  Supply Depot  
  82  6:08  Command Center, Supply Depot  
  81  6:21  SCV x2  
  83  6:25  Supply Depot  
  83  6:33  SCV  
  83  6:34  SCV, Widow Mine x2, Armory  
  83  6:35  Orbital Command  
  83  6:36  Stimpack  
  83  6:37  Marauder  
  91  6:46  SCV x2  
  93  6:53  Barracks  
  93  6:54  Barracks  
  93  6:58  SCV, Marine  
  95  7:07  SCV  
  96  7:10  SCV  
  96  7:12  Supply Depot  
  97  7:21  Widow Mine x2  
  101  7:23  Orbital Command, Starport Tech Lab  
  101  7:29  SCV x2  
  103  7:30  Marine  
  104  7:39  Engineering Bay, Barracks  
  104  7:40  Barracks  
  104  7:42  Banshee  
  104  7:43  Barracks  
  103  7:49  Marine  
  104  7:51  SCV x3  
  107  7:59  Widow Mine  
  107  8:03  SCV x3  
  112  8:09  Marauder  
  112  8:10  Cloaking Field  
  114  8:15  SCV x2  
  114  8:16  SCV  
  117  8:25  Banshee  
  120  8:27  SCV  
  120  8:28  SCV x2  
  121  8:48  SCV x3, Marine  
  120  8:49  Widow Mine x2, Marine x3  
  126  9:00  SCV x2  
  126  9:06  Marine x2  
  126  9:07  Marine x4  
  126  9:08  SCV  
  131  9:10  Refinery  
  131  9:11  Refinery  
  131  9:12  SCV  
  132  9:20  Combat Shields  
  132  9:21  Banshee  
  123  9:33  SCV x2  
  123  9:38  Marine  
  126  9:39  Barracks Tech Lab x2  
  126  9:43  Barracks Tech Lab  
  130  9:51  SCV x2, Barracks Tech Lab  
  132  9:58  Command Center  
  128  10:00  SCV  
  128  10:01  Terran Infantry Weapons Level 1  
  128  10:05  Refinery, Engineering Bay  
  129  10:13  Factory Tech Lab  
  129  10:16  Barracks Reactor, Marauder x2  
  133  10:40  Missile Turret  
  133  11:07  Supply Depot  
  133  11:08  Supply Depot  
  133  11:09  Supply Depot x2  
  133  11:10  Supply Depot, Marauder, Siege Tank, Marine x2  
  140  11:12  Supply Depot  
  136  11:41  Marine x3  
  136  11:42  Marauder x4  
  136  11:44  SCV  
  136  11:45  SCV  
  149  11:49  Starport Reactor  
  149  11:59  Marauder  
  138  12:05  Marine x3  
  138  12:06  Marauder x3  
  138  12:07  Terran Infantry Armor Level 1  
  139  12:11  Planetary Fortress  
  139  12:13  Barracks  
  139  12:15  Barracks x2  
  131  12:17  Barracks  
  131  12:21  Marauder  
  128  12:44  Siege Tank, Marine x2  
  131  12:45  Marauder x5  
  119  13:13  Marine x2  
  119  13:15  SCV x3  
  119  13:17  Barracks Reactor x3  
  119  13:18  Barracks Reactor  
  119  13:19  Siege Tank, Marine x5  
  132  13:22  Medivac x2  
  136  13:27  SCV x2  
  136  13:31  Marine x2  
  140  13:35  Terran Vehicle Weapons Level 1  
  140  13:38  Marine  
  140  13:39  Marine x4  
  145  13:49  Marine x2  
  145  13:50  Factory  
  145  13:53  Command Center  
  147  13:56  Marine  
  148  14:05  Marine x7  
  148  14:06  Marine x5  
  148  14:07  Medivac x2, Siege Tank, Marine  
  168  14:22  Marine x3  
  168  14:23  Marine x3  
  171  14:25  Refinery  
  171  14:27  Refinery  
  171  14:37  Supply Depot  
  171  14:40  Marine x3  
  171  14:41  Marine x7  
  171  14:42  Siege Tank, Marine x3  
  187  15:13  Marine x5  
  187  15:14  Marine x2  
Show
View Real Time Build Order
Export as new Build Order

wabbajack Zerg 

Build Orders: Hatch First, Lurkers 

Get SALT Encoding   

  12  0:01  Drone  
  13  0:17  Overlord  
  13  0:21  Drone  
  14  0:25  Extractor  
  14  0:27  Drone  
  15  0:37  Drone  
  16  0:53  Hatchery  
  15  0:59  Drone, Extractor  
  15  1:00  Drone  
  16  1:04  Drone  
  17  1:20  Spawning Pool  
  16  1:26  Drone  
  16  1:27  Drone  
  18  1:34  Overlord  
  18  2:01  Drone x2  
  19  2:07  Metabolic Boost, Queen  
  22  2:10  Queen  
  24  2:16  Extractor  
  24  2:17  Drone  
  24  2:31  Drone x3  
  24  2:32  Drone  
  24  2:34  Zergling x2  
  28  2:56  Pneumatized Carapace  
  28  2:58  Queen  
  30  3:03  Zergling x2  
  30  3:04  Zergling x2  
  32  3:11  Zergling x4  
  34  3:23  Spine Crawler  
  33  3:31  Baneling Nest  
  33  3:33  Drone x4  
  36  3:35  Overlord x2  
  36  3:55  Zergling x2  
  36  3:56  Zergling x2  
  38  4:06  Zergling x2  
  38  4:07  Zergling x2  
  40  4:15  Drone x11  
  51  4:25  Baneling x2  
  51  4:28  Overlord x2  
  51  4:32  Baneling x3  
  51  4:36  Baneling  
  48  5:09  Roach Warren  
  48  5:11  Drone x4  
  51  5:14  Spine Crawler  
  51  5:16  Spine Crawler  
  49  5:23  Drone x3, Spine Crawler x2  
  46  5:39  Zergling x2  
  47  5:49  Hatchery  
  46  5:50  Lair  
  46  5:56  Extractor  
  45  5:58  Extractor  
  43  6:20  Burrow  
  43  6:28  Drone x3  
  43  6:29  Drone x4  
  43  6:30  Drone  
  43  6:31  Overlord x3  
  43  6:32  Overlord  
  51  6:46  Overlord x2  
  51  6:50  Roach  
  51  6:51  Roach x4  
  61  7:05  Queen  
  55  7:10  Hydralisk Den  
  55  7:14  Spore Crawler  
  53  7:19  Spore Crawler  
  53  7:21  Overseer  
  50  7:40  Drone x5  
  50  7:41  Drone x5, Lurker Den  
  50  7:42  Drone x2  
  62  7:44  Drone  
  63  7:53  Drone  
  64  8:00  Evolution Chamber  
  64  8:01  Evolution Chamber  
  64  8:02  Hatchery  
  60  8:17  Roach  
  60  8:18  Hydralisk, Roach x8  
  80  8:25  Hydralisk x2  
  74  9:13  Extractor  
  74  9:16  Extractor  
  72  9:18  Drone x7  
  72  9:21  Drone x2  
  72  9:22  Drone  
  72  9:23  Drone x5  
  87  9:28  Hydralisk  
  89  9:40  Overlord x2  
  89  9:43  Muscular Augments  
  89  9:45  Zerg Missile Weapons Level 1, Zerg Ground Armor Level 1  
  89  9:48  Drone x3  
  89  9:49  Drone x2  
  89  9:50  Drone  
  89  9:52  Drone x2  
  97  10:04  Drone  
  97  10:05  Drone x3  
  101  10:23  Spore Crawler  
  101  10:24  Drone, Spine Crawler  
  100  10:45  Spire  
  100  10:47  Spore Crawler  
  95  10:50  Overseer  
  95  10:54  Hydralisk  
  95  10:55  Hydralisk x12  
  120  10:57  Overlord x5  
  95  11:42  Roach x8  
  95  11:43  Roach x5  
  117  11:48  Lurker  
  117  11:49  Lurker x3  
  91  12:19  Hydralisk x5  
  97  12:23  Zergling x2  
  97  12:24  Zergling x30  
  113  12:33  Spore Crawler  
  113  12:35  Spore Crawler, Overseer x2  
  111  12:38  Roach x5  
  69  13:31  Corruptor x3  
  69  13:33  Overlord x3  
  75  13:49  Hatchery  
  74  13:57  Hatchery  
  74  13:59  Hatchery  
  72  14:23  Corruptor x4  
  72  14:24  Corruptor x2  
  78  14:25  Overlord  
  81  14:55  Lurker x3  
  81  14:57  Zergling x22  
  81  14:58  Zergling x8  
Tags
 
Add a new tag
Caveats
  • Supply blocks, unpowered buildings, or Contaminate may cause inaccurate times.
  • Supply counts are checked every 10 seconds.